 Dungeon Crawl Stone Soup version 0.30-a0-52-g86a8295270 (webtiles) character file.

Game seed: 5902333225908176692

80 coolguy4201 the Conjurer (level 4, -3/24 HPs)
             Began as a Deep Elf Conjurer on Sept 6, 2022.
             Slain by an ogre
             ... wielding a +0 giant spiked club
              (25 damage)
             ... on level 3 of the Dungeon.
             The game lasted 00:04:10 (2338 turns).

coolguy4201 the Conjurer (Deep Elf Conjurer)        Turns: 2338, Time: 00:04:11

Health: -3/24      AC:  2    Str: 10    XL:     4   Next: 18%
Magic:  9/12       EV: 12    Int: 25    God:
Gold:   103        SH:  0    Dex: 13    Spells: 8/11 levels left

rFire   . . .      SeeInvis .    (no weapon)
rCold   . . .      Faith    .    (no shield)
rNeg    . . .      Spirit   .    a - +0 robe
rPois   .          Reflect  .    (no helmet)
rElec   .          Harm     .    (no cloak)
rCorr   .          Rampage  .    (no gloves)
Will    .....                    (no boots)
Stlth   ++........               (no amulet)
HPRegen 0.08/turn                l - +6 ring of strength
MPRegen 0.13/turn                (no ring)

@: no status effects
A: no striking features
a: no special abilities


You were on level 3 of the Dungeon.
You visited 1 branch of the dungeon, and saw 3 of its levels.

You collected 103 gold pieces.

Inventory:

Armour
 a - a +0 robe (worn)
Jewellery
 k - a ring of fire
 l - a +6 ring of strength (left hand)
Scrolls
 c - 2 scrolls of enchant weapon {unknown}
 f - a scroll of enchant armour {unknown}
 g - 4 scrolls of identify {unknown}
 i - 2 scrolls of vulnerability {unknown}
 n - a scroll of noise {unknown}
 o - a scroll of teleportation {unknown}
 p - a scroll of poison {unknown}
Potions
 b - a potion of magic
 d - a potion of haste {unknown}
 e - 3 potions of mutation {unknown}
 h - a potion of berserk rage {unknown}
 j - a potion of attraction {unknown}
 m - a potion of flight {unknown}


   Skills:
 + Level 2.7 Dodging
 + Level 2.6 Stealth
 + Level 4.0 Spellcasting
 + Level 5.6 Conjurations


You had 8 spell levels left.
You knew the following spells:

 Your Spells              Type           Power      Damage    Failure   Level
a - Magic Dart            Conj           100%       1d8       1%          1
b - Searing Ray           Conj           66%        2d6       1%          2

Your spell library contained the following spells:

 Spells                   Type           Power      Damage    Failure   Level
 Apportation              Tloc           10%        N/A       9%          1
 Necrotise                Necr           20%        1d5       9%          1
 Summon Small Mammal      Summ           20%        N/A       9%          1
 Dazzling Flash           Conj/Hex       38%        N/A       9%          3
 Ensorcelled Hibernation  Hex/Ice        10%        N/A       14%         2
 Spider Form              Tmut/Pois      5%         N/A       26%         3
 Fulminant Prism          Conj/Hex       9%         3d7       28%         4
 Iskenderun's Mystic Bla  Conj/Tloc      19%        2d6       28%         4
 Anguish                  Hex/Necr       2%         N/A       65%         4
 Leda's Liquefaction      Hex/Erth       2%         N/A       65%         4
 Lee's Rapid Deconstruct  Erth           2%         3d6*      94%         5
 Statue Form              Tmut/Erth      3%         N/A       100%        6


Dungeon Overview and Level Annotations

Branches:
Dungeon (3/15)

Altars:
Wu Jian
Lugonu

Shops:
D:3 (

Annotations:
D:3 2 runed translucent doors


Message History

A nearby plant withers and dies.
A nearby plant withers and dies.
An adder comes into view.
You see here a giant cockroach corpse.
The searing ray misses the adder. (Press . to maintain the ray.)
The adder hisses angrily.
The adder closely misses you.
The searing ray hits the adder.
The adder is moderately wounded.
The adder closely misses you.
The searing ray hits the adder.
The adder is almost dead.
The adder barely misses you. The adder bites you but does no damage.
The searing ray hits the adder!
You kill the adder!
You finish channelling your searing ray.
Your Spellcasting skill increases to level 4!
Found a stone staircase leading down.
Found 3 stones.
An ogre comes into view. It is wielding a +0 giant spiked club.
The ogre shouts!
You hear an angry hiss.
A hound comes into view.
You can't see any susceptible monsters within range! (Use Z to cast anyway.)
The hound barks!
The hound barely misses you. The hound bites you.
The hound bites you but does no damage. The hound barely misses you.
The searing ray hits the hound!
The hound is severely wounded.
The searing ray hits the ogre.
The ogre is lightly wounded. (Press . to maintain the ray.)
The hound bites you. The hound closely misses you.
The searing ray hits the hound.
The hound is almost dead.
The hound barely misses you.
The ogre hits you with a +0 giant spiked club!!
Ouch! That really hurt!
You die...

# # ########### #
#.........# #
######.....###.#####
####..........#........
#>...................P.
#.#..O........#..PP.... #
#..h@..........P...P.
#####.#.#########.#...P....
.....!..# #.#........
.............# #..........
.............# ###...PP...
.............# #...P.PPP
.(.......$...# #..†.....
........$....# #........
.............# ##.#####.


You could see an ogre and a hound.

Vanquished Creatures
  2 adders
  2 dart slugs
  12 ball pythons
  5 bats
  5 endoplasms
  3 giant cockroaches
  5 goblins
  6 hobgoblins
  3 jackals (D:2)
  2 kobolds
  4 quokkas
  A frilled lizard (D:2)
  2 rats (D:1)
52 creatures vanquished.

Vanquished Creatures (others)
  16 plants (D:3)
16 creatures vanquished.

Grand Total: 68 creatures vanquished

Notes
Turn   | Place    | Note
-------+----------+-------------------------------------------
     0 | D:1      | coolguy4201 the Deep Elf Conjurer began the quest for the
                  | Orb.
     0 | D:1      | Reached XP level 1. HP: 10/10 MP: 6/6
   152 | D:1      | Reached XP level 2. HP: 15/15 MP: 6/8
   312 | D:1      | Found a faded altar of an unknown god.
   363 | D:1      | Reached skill level 5 in Conjurations
   572 | D:1      | Reached XP level 3. HP: 19/19 MP: 4/9
  1915 | D:2      | Learned a level 2 spell: Searing Ray
  2055 | D:3      | Reached XP level 4. HP: 24/24 MP: 6/11
  2105 | D:3      | Identified the +10 sling of Fate {freeze, rC+}
  2114 | D:3      | Found Kofeloir's Weapon Emporium.
  2146 | D:3      | Found an ornate altar of the Wu Jian Council.
  2212 | D:3      | Found a large runed translucent door.
  2213 | D:3      | Found a large runed translucent door.
  2213 | D:3      | Found a corrupted altar of Lugonu.
  2326 | D:3      | Noticed an ogre
  2338 | D:3      | Slain by an ogre

Illustrated notes

Levels and vault maps discovered:
D:1:      wander_arrival_lonely_grave, layout_basic,
          nicolae_ecumenical_snake_handling
D:2:      layout_basic
D:3:      due_chaos_kobolds, layout_basic, mainiacjoe_overflow_chevrons,
          serial_shops, shop, serial_park_tiny_1

Skill      XL: |  1  2  3  4 |
---------------+-------------+-----
Conjurations   | 5 |  5.6
Spellcasting   | 4 |  4.0
Dodging        | |  2.7
Stealth        | |  2.6

Action                   |  1- 3 |  4- 6 || total
-------------------------+-------+-------++-------
 Cast: Magic Dart        |    81 |       ||    81
       Searing Ray       |     3 |     5 ||     8
Armor: Robe              |       |     2 ||     2
Dodge: Dodged            |     9 |     8 ||    17

Table legend: (Time is in decaauts)
 A = Elapsed time spent in this place.
 B = Non-inter-level travel time spent in this place.
 C = Inter-level travel time spent in this place.
 D = Time resting spent in this place.
 E = Time spent auto-exploring this place.
 F = Levels seen in this place.
 G = Mean time per level.
                   A        B        C        D        E       F      G
               +--------+--------+--------+--------+--------+-----+--------+
         Total |   2342 |   2265 |     77 |      0 |   2032 |   3 |  780.7 |
       Dungeon |   2342 |   2265 |     77 |      0 |   2032 |   3 |  780.7 |
               +--------+--------+--------+--------+--------+-----+--------+

Top non-repeatable levels by time:
     D:1: 1230 daAuts
     D:2: 695 daAuts
     D:3: 416 daAuts
